Map: Dusk Towers

Players

LilDicky

  • Race: Terran Terran
  • League: Diamond

BlackFlag - Winner!

  • Race: Protoss Protoss
  • League: Diamond

VOD

http://www.twitch.tv/tumescentpie

Description

Time

  • Played on: Jan. 1, 2016, 11:27 p.m.
  • Length: 8:03
Show
View Real Time Build Order
Export as new Build Order

LilDicky Terran 

Build Orders: MMM Bio 

Get SALT Encoding   

  12  0:01  SCV  
  13  0:13  SCV  
  14  0:22  Supply Depot  
  14  0:26  SCV  
  15  0:29  Refinery  
  15  0:43  SCV  
  16  0:55  SCV  
  16  0:56  Barracks  
  17  1:07  SCV  
  18  1:21  SCV  
  19  1:44  Orbital Command  
  19  1:45  Marine  
  20  1:47  Supply Depot  
  20  1:50  Factory  
  19  2:26  Barracks  
  19  2:28  Barracks  
  19  2:30  Command Center  
  19  2:37  Barracks Reactor  
  19  2:54  Supply Depot  
  19  3:01  SCV  
  20  3:16  Barracks Tech Lab  
  20  3:17  Barracks Tech Lab  
  20  3:21  SCV, Refinery  
  21  3:28  Marine  
  21  3:29  Marine  
  21  3:33  SCV  
  24  3:39  Supply Depot  
  24  3:40  Combat Shields, Stimpack  
  24  3:42  Marine  
  24  3:46  SCV  
  24  3:48  SCV  
  27  3:50  Marine  
  27  3:52  Marine  
  29  3:58  SCV, Marine  
  29  4:01  Orbital Command  
  31  4:09  Marine x2  
  31  4:10  SCV  
  32  4:18  Factory  
  32  4:22  SCV  
  32  4:24  Marine x2  
  33  4:27  Marine  
  33  4:29  Marine  
  37  4:34  SCV  
  37  4:37  SCV  
  39  4:42  Marine  
  39  4:44  Marine  
  41  4:46  SCV  
  41  4:49  Supply Depot  
  42  4:56  SCV, Marine  
  42  4:57  Marine  
  42  4:59  SCV, Marine  
  46  5:02  Marine  
  46  5:06  Factory Reactor  
  48  5:07  Starport  
  48  5:08  SCV  
  48  5:11  SCV, Concussive Shells  
  50  5:14  Marine  
  50  5:20  SCV  
  52  5:23  SCV  
  52  5:27  Refinery  
  53  5:29  Marine  
  53  5:33  SCV  
  55  5:35  SCV  
  55  5:38  Marine x2  
  55  5:41  Marine  
  59  5:45  SCV  
  59  5:46  Liberator  
  59  5:48  Factory Tech Lab  
  59  5:49  SCV  
  61  5:50  Supply Depot, Marine  
  61  5:54  Liberator  
  61  5:56  Marine x2  
  64  5:57  SCV  
  64  5:59  Marine  
  64  6:02  SCV  
  70  6:11  Marine  
  70  6:12  SCV, Siege Tank  
  70  6:13  Supply Depot  
  70  6:14  SCV, Marine x2  
  81  6:21  Marine  
  81  6:24  SCV  
  83  6:26  SCV  
  83  6:29  Marine  
  85  6:36  SCV  
  86  6:42  Engineering Bay  
  86  6:49  Refinery  
  86  7:02  SCV  
  86  7:03  Supply Depot, Medivac x2  
  86  7:07  Siege Tank  
  94  7:10  Supply Depot  
  94  7:15  Supply Depot x2  
  94  7:24  Marine x4  
  94  7:29  Supply Depot  
  101  7:42  Marine x4  
Show
View Real Time Build Order
Export as new Build Order

BlackFlag Protoss - Winner!

Build Orders: 1 Gate Expand 

Get SALT Encoding   

  12  0:01  Probe (Chrono Boost)  
  13  0:14  Probe (Chrono Boost)  
  14  0:27  Pylon  
  14  0:30  Probe (Chrono Boost)  
  15  0:45  Probe (Chrono Boost)  
  16  0:53  Gateway  
  16  0:57  Probe (Chrono Boost), Assimilator  
  17  1:08  Probe (Chrono Boost)  
  18  1:25  Nexus  
  18  1:29  Probe (Chrono Boost)  
  19  1:41  Probe (Chrono Boost)  
  20  1:49  Pylon  
  20  1:53  Probe (Chrono Boost)  
  21  2:01  Cybernetics Core  
  20  2:03  Probe (Chrono Boost)  
  21  2:16  Probe (Chrono Boost)  
  21  2:20  Assimilator  
  22  2:34  Probe (Chrono Boost)  
  23  2:37  Adept  
  23  2:38  Warp Gate  
  23  2:41  Probe (Chrono Boost)  
  28  2:44  Mothership Core (Chrono Boost)  
  28  2:51  Probe (Chrono Boost)  
  29  3:02  Probe (Chrono Boost)  
  29  3:03  Probe (Chrono Boost)  
  31  3:05  Robotics Facility  
  31  3:13  Probe (Chrono Boost)  
  31  3:15  Probe (Chrono Boost)  
  33  3:24  Probe (Chrono Boost)  
  34  3:30  Probe (Chrono Boost)  
  34  3:31  Pylon  
  35  3:36  Probe (Chrono Boost)  
  35  3:37  Pylon  
  37  3:41  Probe (Chrono Boost)  
  37  3:47  Pylon  
  37  3:50  Probe (Chrono Boost)  
  37  3:51  Probe (Chrono Boost)  
  39  4:00  Warp Prism  
  40  4:06  Probe (Chrono Boost), Gateway  
  40  4:09  Gateway x2  
  39  4:11  Probe (Chrono Boost)  
  40  4:25  Pylon x2  
  40  4:26  Probe (Chrono Boost)  
  41  4:33  Probe (Chrono Boost)  
  42  4:47  Adept  
  44  4:53  Immortal (Chrono Boost)  
  48  5:08  Adept x2  
  48  5:12  Adept  
  54  5:25  Pylon  
  54  5:27  Gateway  
  54  5:29  Nexus  
  54  5:30  Gateway  
  54  5:32  Gateway  
  54  5:33  Twilight Council  
  54  5:34  Probe  
  54  5:35  Probe  
  56  5:41  Observer (Chrono Boost)  
  57  5:43  Pylon  
  57  5:45  Probe, Pylon  
  57  5:47  Probe, Pylon  
  59  6:04  Adept x4  
  67  6:12  Resonating Glaives (Chrono Boost)  
  67  6:15  Forge, Assimilator  
  67  6:16  Assimilator  
  67  6:19  Pylon x2  
  67  6:28  Adept  
  67  6:29  Adept x3  
  67  6:31  Probe  
  76  6:34  Probe  
  77  6:42  Pylon  
  77  6:44  Probe  
  78  6:56  Immortal (Chrono Boost)  
  82  7:11  Adept x3  
  82  7:12  Adept  
  90  7:20  Photon Cannon  
  90  7:22  Adept x3  
  96  7:32  Adept x3  
Tags
 
Add a new tag
Caveats
  • Supply blocks, unpowered buildings, or Contaminate may cause inaccurate times.
  • Supply counts are checked every 10 seconds.